Knights vs Gangsters
Created - 2 avril 2014 at 23:12
Goals
|
| Knights |
0 |
2 |
1 |
3 |
| Gangsters |
0 |
1 |
0 |
1 |
|
Shots
|
| Knights |
14 |
11 |
15 |
40 |
| Gangsters |
1 |
16 |
1 |
18 |
|
1st period
No Goal
Penalties :
No Penalty
2nd period
1. Knights , Kyle Greentree 34 (Eric Fehr) at 0:46
2. Knights , Gustav Nyquist 19 (Danny Irmen, Niklas Hjalmarsson) at 6:44
3. Gangsters , Alexandre Bolduc 35 (Chris Bourque) at 13:56
Penalties :
Eric Fehr (Lon) for Hooking (Minor) at 17:50
3rd period
4. Knights , Mats Zuccarello 37 (Zack Hamill) at 3:27 (PP)
Penalties :
Artem Anisimov (Bro) for Roughing (Minor) at 2:41, Marco Scandella (Lon) for Hooking (Minor) at 8:50, Nick Foligno (Bro) for Tripping (Minor) at 11:47, Marco Scandella (Lon) for Holding (Minor) at 13:18, Dave Dziurzynski (Bro) for Hooking (Minor) at 15:44
Goalie Stats
Dany Sabourin (Lon), 17 saves from 18 shots - (0,944), W, 16-10-1, 60:00 minutes
Dustin Tokarski (Bro), 37 saves from 40 shots - (0,925), L, 8-10-0, 60:00 minutes
Players Stats for Knights
Player Name G A P +/- PIM S H SB GA TA FO MP PP MP PK MP
------------------------------------------------------------------------------------
A.J. Jenks 0 0 0 1 0 0 1 0 0 0 0/0 9:52 0:00 0:00
Chris Thorburn 0 0 0 -1 0 3 1 0 3 0 0/1 18:51 2:53 0:26
Colton Gillies 0 0 0 0 0 1 1 0 0 0 0/0 10:21 0:00 0:32
Danny Irmen 0 1 1 1 0 1 2 0 0 0 1/4 11:51 0:00 0:59
Eric Fehr 0 1 1 1 2 2 3 0 0 3 0/0 17:52 1:23 1:53
Garnet Exelby 0 0 0 1 0 0 1 3 0 2 0/0 17:51 1:35 2:38
Gustav Nyquist 1 0 1 1 0 2 0 0 1 1 1/1 11:07 0:00 0:01
Joe Colborne 0 0 0 0 0 0 1 0 0 0 0/3 9:19 0:00 0:00
Kyle Greentree 1 0 1 1 0 4 1 0 0 1 0/0 17:00 0:08 2:02
Marco Scandella 0 0 0 0 4 0 3 0 0 0 0/0 17:09 1:34 0:00
Mats Zuccarello 1 0 1 -1 0 7 1 0 3 0 3/8 20:51 2:45 3:02
Mikael Backlund 0 0 0 1 0 1 2 1 0 0 2/7 15:39 1:23 0:00
Nick Palmieri 0 0 0 0 0 7 1 1 0 0 0/0 13:14 1:23 2:03
Niklas Hjalmarsson 0 1 1 -1 0 6 1 1 1 1 0/0 23:41 2:41 2:21
Sheldon Brookbank 0 0 0 1 0 5 0 3 3 0 0/0 23:41 2:41 3:08
Tomas Kundratek 0 0 0 1 0 0 1 0 0 2 0/0 13:54 0:00 0:00
Zack Hamill 0 1 1 -1 0 0 0 1 0 0 16/33 17:49 2:53 0:00
Zbynek Michalek 0 0 0 0 0 1 2 4 1 1 0/0 23:58 0:00 2:51
Players Stats for Gangsters
Player Name G A P +/- PIM S H SB GA TA FO MP PP MP PK MP
------------------------------------------------------------------------------------
Alexandre Bolduc 1 0 1 1 0 2 0 0 0 1 12/21 16:49 2:43 0:48
Artem Anisimov 0 0 0 -2 2 2 3 0 1 2 12/19 19:33 2:46 0:00
Ben Holmstrom 0 0 0 0 0 0 0 0 0 0 0/0 0:00 0:00 0:00
Bradley Malone 0 0 0 0 0 0 0 0 0 0 0/0 0:46 0:00 0:00
Brock Bradford 0 0 0 0 0 1 2 0 2 0 2/3 14:29 0:18 0:06
Bryan Young 0 0 0 0 0 0 2 5 1 2 0/0 20:52 1:59 1:33
Chris Bourque 0 1 1 1 0 2 0 0 2 1 0/0 24:23 2:25 2:47
Colten Teubert 0 0 0 0 0 0 0 0 0 0 0/0 13:53 0:00 0:00
Cory Murphy 0 0 0 0 0 2 1 2 1 3 0/0 29:48 3:30 2:43
Dave Dziurzynski 0 0 0 0 2 0 2 0 1 0 0/0 13:03 0:00 0:16
Luke Gazdic 0 0 0 0 0 0 2 0 0 0 0/0 10:22 0:00 0:18
Maxime Sauvé 0 0 0 0 0 0 1 0 0 0 2/3 12:08 0:18 0:00
Nathan Moon 0 0 0 0 0 0 0 0 0 0 0/0 0:00 0:00 0:00
Nick Foligno 0 0 0 -2 2 3 0 0 2 0 1/1 20:20 2:46 0:48
Phil McRae 0 0 0 0 0 0 0 0 0 0 0/0 0:00 0:00 0:00
Ryan Jones 0 0 0 -2 0 2 0 2 1 0 1/1 20:47 2:46 0:39
Ryan Keller 0 0 0 1 0 3 1 1 0 0 4/9 25:31 2:25 2:50
Shaun Heska 0 0 0 -1 0 0 2 2 0 1 0/0 23:09 1:59 1:33
Ville Koistinen 0 0 0 -1 0 1 2 2 0 2 0/0 29:20 3:30 2:43
3 Stars
1 - Kyle Greentree (Lon)
2 - Dany Sabourin (Lon)
3 - Gustav Nyquist (Lon)
Power Play
Knights - 1 on 3 Attempt(s) - 33,33%
Gangsters - 0 on 3 Attempt(s) - 0,00%
Penalty Kill
Knights - 3 on 3 Attempt(s) - 100,00%
- Score 0 goal in Penalty Kill
Gangsters - 2 on 3 Attempt(s) - 66,67%
- Score 0 goal in Penalty Kill
Official
Referees : Hasenfratz Mike and Devorski Paul
Linesman : Mark Pare and Steve Barton
Game Notes
No Game Note
Finance
Level 1 -- Attendance: 1465 (73,25%) -- Ticket Income 51 275 $
Level 2 -- Attendance: 695 (69,50%) -- Ticket Income 10 425 $
Total Attendance: 2160 (72,00%)
Total Ticket Income: 61 700 $
Other Income: 3 085 $
Total Income: 64 785 $
Knights
5 vs 5 Forward
Center Left Wing Right Wing Time % Phy DF OF
1 Zack Hamill Mats Zuccarello Chris Thorburn 40 1 2 2
2 Mikael Backlund Kyle Greentree Eric Fehr 30 1 2 2
3 Danny Irmen A.J. Jenks Gustav Nyquist 17 1 2 2
4 Joe Colborne Colton Gillies Nick Palmieri 13 1 2 2
5 vs 5 Defense
Defense Defense Time % Phy DF OF
1 Sheldon Brookbank Zbynek Michalek 40 1 3 1
2 Marco Scandella Niklas Hjalmarsson 30 1 3 1
3 Garnet Exelby Tomas Kundratek 20 1 3 1
4 Zbynek Michalek Niklas Hjalmarsson 10 1 2 2
PowerPlay Forward
Center Left Wing Right Wing Time % Phy DF OF
1 Zack Hamill Mats Zuccarello Chris Thorburn 60 1 0 4
2 Mikael Backlund Nick Palmieri Eric Fehr 40 0 0 5
PowerPlay Defense
Defense Defense Time % Phy DF OF
1 Niklas Hjalmarsson Sheldon Brookbank 60 1 1 3
2 Marco Scandella Garnet Exelby 40 1 1 3
Penalty Kill 4 Players Forward
Center Wing Time % Phy DF OF
1 Mats Zuccarello Eric Fehr 60 1 3 1
2 Chris Thorburn Nick Palmieri 40 1 3 1
Penalty Kill 4 Players Defense
Defense Defense Time % Phy DF OF
1 Sheldon Brookbank Zbynek Michalek 60 1 4 0
2 Garnet Exelby Niklas Hjalmarsson 40 1 4 0
Penalty Kill - 3 Players Forward
Forward Time % Phy DF OF
1 Eric Fehr 60 0 4 1
2 Chris Thorburn 40 0 4 1
Penalty Kill - 3 Players Defense
Defense Defense Time % Phy DF OF
1 Sheldon Brookbank Zbynek Michalek 60 0 5 0
2 Garnet Exelby Niklas Hjalmarsson 40 0 5 0
4 vs 4 Forward
Center Wing Time % Phy DF OF
1 Gustav Nyquist Chris Thorburn 60 1 2 2
2 Gustav Nyquist Eric Fehr 40 1 2 2
4 vs 4 Defense
Defense Defense Time % Phy DF OF
1 Zbynek Michalek Niklas Hjalmarsson 60 1 2 2
2 Marco Scandella Garnet Exelby 40 1 2 2
Last Minutes Offensive
Center Left Wing Right Wing Defense Defense
Zack Hamill Mats Zuccarello Chris Thorburn Garnet Exelby Sheldon Brookbank
Last Minutes Defensive
Center Left Wing Right Wing Defense Defense
Joe Colborne Chris Thorburn Eric Fehr Zbynek Michalek Sheldon Brookbank
Goaltenders
Starting : Dany Sabourin
Backup : Jonas Gustavsson
Extra Forwards
Normal : Eric Fehr, Gustav Nyquist, Nick Palmieri - PP : Eric Fehr, Chris Thorburn - PK : Nick Palmieri
Extra Defensemen
Normal : Marco Scandella, Zbynek Michalek, Garnet Exelby - PP : Zbynek Michalek - PK : Marco Scandella, Zbynek Michalek
Penalty Shots
Gustav Nyquist, Mats Zuccarello, Eric Fehr, Nick Palmieri, Chris Thorburn
Gangsters
5 vs 5 Forward
Center Left Wing Right Wing Time % Phy DF OF
1 Alexandre Bolduc Chris Bourque Ryan Keller 40 1 2 2
2 Artem Anisimov Nick Foligno Ryan Jones 30 1 2 2
3 Brock Bradford Dave Dziurzynski Ryan Keller 20 1 2 2
4 Maxime Sauvé Luke Gazdic Chris Bourque 10 1 2 2
5 vs 5 Defense
Defense Defense Time % Phy DF OF
1 Cory Murphy Ville Koistinen 40 1 2 2
2 Shaun Heska Bryan Young 30 1 2 2
3 Colten Teubert Cory Murphy 20 1 2 2
4 Ville Koistinen Shaun Heska 10 1 2 2
PowerPlay Forward
Center Left Wing Right Wing Time % Phy DF OF
1 Alexandre Bolduc Chris Bourque Ryan Keller 60 1 2 2
2 Artem Anisimov Nick Foligno Ryan Jones 40 1 2 2
PowerPlay Defense
Defense Defense Time % Phy DF OF
1 Cory Murphy Ville Koistinen 60 1 2 2
2 Shaun Heska Bryan Young 40 1 2 2
Penalty Kill 4 Players Forward
Center Wing Time % Phy DF OF
1 Ryan Keller Chris Bourque 60 1 2 2
2 Nick Foligno Ryan Jones 40 1 2 2
Penalty Kill 4 Players Defense
Defense Defense Time % Phy DF OF
1 Cory Murphy Ville Koistinen 60 1 2 2
2 Shaun Heska Bryan Young 40 1 2 2
Penalty Kill - 3 Players Forward
Forward Time % Phy DF OF
1 Ryan Keller 60 1 2 2
2 Chris Bourque 40 1 2 2
Penalty Kill - 3 Players Defense
Defense Defense Time % Phy DF OF
1 Cory Murphy Ville Koistinen 60 1 2 2
2 Shaun Heska Bryan Young 40 1 2 2
4 vs 4 Forward
Center Wing Time % Phy DF OF
1 Ryan Keller Chris Bourque 60 1 2 2
2 Nick Foligno Ryan Jones 40 1 2 2
4 vs 4 Defense
Defense Defense Time % Phy DF OF
1 Cory Murphy Ville Koistinen 60 1 2 2
2 Shaun Heska Bryan Young 40 1 2 2
Last Minutes Offensive
Center Left Wing Right Wing Defense Defense
Alexandre Bolduc Chris Bourque Ryan Keller Cory Murphy Ville Koistinen
Last Minutes Defensive
Center Left Wing Right Wing Defense Defense
Alexandre Bolduc Chris Bourque Ryan Keller Cory Murphy Ville Koistinen
Goaltenders
Starting : Dustin Tokarski
Backup : David LeNeveu
Extra Forwards
Normal : Brock Bradford, Maxime Sauvé, Dave Dziurzynski - PP : Brock Bradford, Maxime Sauvé - PK : Dave Dziurzynski
Extra Defensemen
Normal : Colten Teubert, Bryan Young, Cory Murphy - PP : Colten Teubert - PK : Bryan Young, Cory Murphy
Penalty Shots
Ryan Keller, Chris Bourque, Nick Foligno, Ryan Jones, Alexandre Bolduc
% Time on Ice - Knights
Lines # - Real PCT - Wanted PCT - Time Play
Normal Forward
1 - 32% - 40% - 15:51
2 - 30% - 30% - 14:59
3 - 20% - 17% - 9:52
4 - 18% - 13% - 9:05
Normal Defense
1 - 36% - 40% - 17:52
2 - 30% - 30% - 15:01
3 - 28% - 20% - 13:54
4 - 6% - 10% - 3:00
PP Forward
1 - 68% - 60% - 2:53
2 - 32% - 40% - 1:23
PP Defense
1 - 63% - 60% - 2:41
2 - 37% - 40% - 1:35
PK Forward
1 - 92% - 60% - 5:04
2 - 8% - 40% - 0:25
PK Defense
1 - 59% - 60% - 3:15
2 - 41% - 40% - 2:14
PK3 Forward
1 - 0% - 60%
2 - 0% - 40%
PK3 Defense
1 - 0% - 60%
2 - 0% - 40%
44 Forward
1 - 100% - 60% - 0:28
2 - 0% - 40% - 0:00
44 Defense
1 - 100% - 60% - 0:28
2 - 0% - 40% - 0:00
Last Minute Offensive - 0:00
Last Minute Defensive - 0:00
Total
Forward - 60:00
Defense - 60:00
|
% Time on Ice - Gangsters
Lines # - Real PCT - Wanted PCT - Time Play
Normal Forward
1 - 23% - 40% - 11:38
2 - 34% - 30% - 17:01
3 - 23% - 20% - 11:27
4 - 19% - 10% - 9:41
Normal Defense
1 - 34% - 40% - 16:43
2 - 33% - 30% - 16:23
3 - 23% - 20% - 11:21
4 - 11% - 10% - 5:20
PP Forward
1 - 50% - 60% - 2:43
2 - 50% - 40% - 2:46
PP Defense
1 - 64% - 60% - 3:30
2 - 36% - 40% - 1:59
PK Forward
1 - 85% - 60% - 3:37
2 - 15% - 40% - 0:39
PK Defense
1 - 64% - 60% - 2:43
2 - 36% - 40% - 1:33
PK3 Forward
1 - 0% - 60%
2 - 0% - 40%
PK3 Defense
1 - 0% - 60%
2 - 0% - 40%
44 Forward
1 - 100% - 60% - 0:28
2 - 0% - 40% - 0:00
44 Defense
1 - 0% - 60% - 0:00
2 - 100% - 40% - 0:28
Last Minute Offensive - 0:00
Last Minute Defensive - 0:00
Total
Forward - 60:00
Defense - 60:00
|
Play by Play
1st period
0:01 of 1st period - Zack Hamill wins face-off versus Alexandre Bolduc in neutral zone.
0:34 of 1st period - Snap shot by Eric Fehr.
0:34 of 1st period - Shot Blocked by Cory Murphy.
0:36 of 1st period - Slapshot by Zbynek Michalek.
0:36 of 1st period - Shot Misses the Net.
0:38 of 1st period - Slapshot by Sheldon Brookbank.
0:38 of 1st period - Stopped by Dustin Tokarski without a rebound.
0:39 of 1st period - Brock Bradford wins face-off versus Danny Irmen in Gangsters zone.
1:04 of 1st period - Shaun Heska is hit by Marco Scandella and loses puck.
1:13 of 1st period - Snap shot by Nick Palmieri.
1:13 of 1st period - Stopped by Dustin Tokarski with a rebound.
1:15 of 1st period - Snap shot by Joe Colborne.
1:15 of 1st period - Deflect By Nick Palmieri.
1:15 of 1st period - Shot Misses the Net.
1:15 of 1st period - Puck is out of play.
1:16 of 1st period - Nick Foligno wins face-off versus Mikael Backlund in Gangsters zone.
1:29 of 1st period - Wrist shot by Nick Foligno.
1:29 of 1st period - Shot Blocked by Garnet Exelby.
2:26 of 1st period - Zbynek Michalek is hit by Cory Murphy and loses puck.
3:05 of 1st period - Zbynek Michalek is hit by Brock Bradford and loses puck.
4:13 of 1st period - Snap shot by Niklas Hjalmarsson.
4:13 of 1st period - Stopped by Dustin Tokarski without a rebound.
4:14 of 1st period - Maxime Sauvé wins face-off versus Joe Colborne in Gangsters zone.
4:30 of 1st period - Wrist shot by Nick Palmieri.
4:30 of 1st period - Shot Misses the Net.
4:32 of 1st period - Snap shot by Joe Colborne.
4:32 of 1st period - Shot Misses the Net.
5:02 of 1st period - Sheldon Brookbank is hit by Ryan Keller and loses puck.
5:20 of 1st period - Slapshot by Eric Fehr.
5:20 of 1st period - Stopped by Dustin Tokarski with a rebound.
5:22 of 1st period - Snap shot by Kyle Greentree.
5:22 of 1st period - Shot Misses the Net.
5:24 of 1st period - Wrist shot by Niklas Hjalmarsson.
5:24 of 1st period - Stopped by Dustin Tokarski with a rebound.
5:57 of 1st period - Icing by Niklas Hjalmarsson.
5:58 of 1st period - Artem Anisimov wins face-off versus Zack Hamill in Knights zone.
7:02 of 1st period - Nick Palmieri is hit by Bryan Young and loses puck.
8:13 of 1st period - Snap shot by Eric Fehr.
8:13 of 1st period - Shot Misses the Net.
8:15 of 1st period - Slapshot by Niklas Hjalmarsson.
8:15 of 1st period - Stopped by Dustin Tokarski with a rebound.
8:17 of 1st period - Wrist shot by Niklas Hjalmarsson.
8:17 of 1st period - Stopped by Dustin Tokarski without a rebound.
8:18 of 1st period - Brock Bradford wins face-off versus Mikael Backlund in Gangsters zone.
8:27 of 1st period - Wrist shot by Kyle Greentree.
8:27 of 1st period - Stopped by Dustin Tokarski with a rebound.
8:41 of 1st period - Wrist shot by Eric Fehr.
8:41 of 1st period - Shot Blocked by Ryan Keller.
8:43 of 1st period - Backhand shot by Eric Fehr.
8:43 of 1st period - Shot Misses the Net.
8:45 of 1st period - Backhand shot by Niklas Hjalmarsson.
8:45 of 1st period - Shot Misses the Net.
9:01 of 1st period - Snap shot by Brock Bradford.
9:01 of 1st period - Stopped by Dany Sabourin with a rebound.
9:24 of 1st period - Snap shot by Kyle Greentree.
9:24 of 1st period - Stopped by Dustin Tokarski without a rebound.
9:25 of 1st period - Artem Anisimov wins face-off versus Zack Hamill in Gangsters zone.
9:27 of 1st period - Icing by Ryan Jones.
9:28 of 1st period - Artem Anisimov wins face-off versus Zack Hamill in Gangsters zone.
10:16 of 1st period - Wrist shot by Nick Palmieri.
10:16 of 1st period - Shot Blocked by Ryan Jones.
10:18 of 1st period - Slapshot by Sheldon Brookbank.
10:18 of 1st period - Shot Blocked by Ryan Jones.
10:20 of 1st period - Wrist shot by Colton Gillies.
10:20 of 1st period - Shot Misses the Net.
10:22 of 1st period - Backhand shot by Sheldon Brookbank.
10:22 of 1st period - Stopped by Dustin Tokarski without a rebound.
10:23 of 1st period - Artem Anisimov wins face-off versus Zack Hamill in Gangsters zone.
10:57 of 1st period - Marco Scandella is hit by Shaun Heska.
11:07 of 1st period - Snap shot by Garnet Exelby.
11:07 of 1st period - Shot Misses the Net.
12:07 of 1st period - Gustav Nyquist is hit by Dave Dziurzynski and loses puck.
12:57 of 1st period - Brock Bradford is hit by Mikael Backlund and loses puck.
13:09 of 1st period - Brock Bradford is hit by Eric Fehr and loses puck.
13:35 of 1st period - Cory Murphy is hit by Zbynek Michalek and loses puck.
14:19 of 1st period - Snap shot by Chris Thorburn.
14:19 of 1st period - Stopped by Dustin Tokarski without a rebound.
14:20 of 1st period - Zack Hamill wins face-off versus Artem Anisimov in Gangsters zone.
14:31 of 1st period - Slapshot by Mats Zuccarello.
14:31 of 1st period - Shot Blocked by Bryan Young.
14:33 of 1st period - Slapshot by Chris Thorburn.
14:33 of 1st period - Shot Misses the Net.
15:29 of 1st period - Kyle Greentree is hit by Maxime Sauvé and loses puck.
17:15 of 1st period - Sheldon Brookbank is hit by Luke Gazdic and loses puck.
17:40 of 1st period - Snap shot by Sheldon Brookbank.
17:40 of 1st period - Stopped by Dustin Tokarski with a rebound.
17:52 of 1st period - Bryan Young is hit by Zbynek Michalek and loses puck.
17:57 of 1st period - Snap shot by Eric Fehr.
17:57 of 1st period - Shot Blocked by Bryan Young.
17:59 of 1st period - Snap shot by Mikael Backlund.
17:59 of 1st period - Shot Misses the Net.
18:11 of 1st period - Bryan Young is hit by Joe Colborne and loses puck.
18:20 of 1st period - Wrist shot by Nick Palmieri.
18:20 of 1st period - Stopped by Dustin Tokarski with a rebound.
18:30 of 1st period - Alexandre Bolduc is hit by Chris Thorburn and loses puck.
18:45 of 1st period - Snap shot by Ryan Keller.
18:45 of 1st period - Shot Blocked by Zbynek Michalek.
18:51 of 1st period - Bryan Young is hit by Danny Irmen and loses puck.
19:08 of 1st period - Off-side.
19:09 of 1st period - Mikael Backlund wins face-off versus Maxime Sauvé in neutral zone.
19:16 of 1st period - Snap shot by Kyle Greentree.
19:16 of 1st period - Shot Misses the Net.
19:18 of 1st period - Wrist shot by Niklas Hjalmarsson.
19:18 of 1st period - Shot Blocked by Ville Koistinen.
19:20 of 1st period - Slapshot by Marco Scandella.
19:20 of 1st period - Deflect By Kyle Greentree.
19:20 of 1st period - Stopped by Dustin Tokarski without a rebound.
19:21 of 1st period - Zack Hamill wins face-off versus Artem Anisimov in Gangsters zone.
19:36 of 1st period - Snap shot by Nick Foligno.
19:36 of 1st period - Shot Misses the Net.
19:48 of 1st period - Wrist shot by Chris Bourque.
19:48 of 1st period - Shot Blocked by Zbynek Michalek.
Goals for this period are 0 for Knights vs 0 for Gangsters.
Shots for this period are 14 for Knights vs 1 for Gangsters.
2nd period
0:01 of 2nd period - Zack Hamill wins face-off versus Alexandre Bolduc in neutral zone.
0:08 of 2nd period - Slapshot by Mats Zuccarello.
0:08 of 2nd period - Shot Misses the Net.
0:10 of 2nd period - Slapshot by Zbynek Michalek.
0:10 of 2nd period - Shot Misses the Net.
0:12 of 2nd period - Slapshot by Zbynek Michalek.
0:12 of 2nd period - Deflect By Chris Thorburn.
0:12 of 2nd period - Shot Blocked by Ville Koistinen.
0:12 of 2nd period - Puck is out of play.
0:13 of 2nd period - Alexandre Bolduc wins face-off versus Mats Zuccarello in Gangsters zone.
0:46 of 2nd period - Wrist shot by Kyle Greentree.
0:46 of 2nd period - Goal by Kyle Greentree - Knights : 1 - Gangsters : 0.
0:47 of 2nd period - Zack Hamill wins face-off versus Alexandre Bolduc in neutral zone.
1:33 of 2nd period - Nick Foligno is hit by Marco Scandella and loses puck.
1:48 of 2nd period - Wrist shot by Joe Colborne.
1:48 of 2nd period - Shot Blocked by Cory Murphy.
1:50 of 2nd period - Slapshot by Niklas Hjalmarsson.
1:50 of 2nd period - Stopped by Dustin Tokarski without a rebound.
1:51 of 2nd period - Alexandre Bolduc wins face-off versus Joe Colborne in Gangsters zone.
2:06 of 2nd period - Snap shot by Sheldon Brookbank.
2:06 of 2nd period - Stopped by Dustin Tokarski with a rebound.
2:08 of 2nd period - Slapshot by Sheldon Brookbank.
2:08 of 2nd period - Shot Blocked by Bryan Young.
2:10 of 2nd period - Wrist shot by Nick Palmieri.
2:10 of 2nd period - Shot Blocked by Bryan Young.
2:12 of 2nd period - Snap shot by Nick Palmieri.
2:12 of 2nd period - Stopped by Dustin Tokarski with a rebound.
2:14 of 2nd period - Snap shot by Sheldon Brookbank.
2:14 of 2nd period - Shot Blocked by Shaun Heska.
2:16 of 2nd period - Slapshot by Nick Palmieri.
2:16 of 2nd period - Stopped by Dustin Tokarski with a rebound.
2:36 of 2nd period - Snap shot by Nick Palmieri.
2:36 of 2nd period - Stopped by Dustin Tokarski with a rebound.
2:38 of 2nd period - Snap shot by Nick Palmieri.
2:38 of 2nd period - Stopped by Dustin Tokarski without a rebound.
2:39 of 2nd period - Artem Anisimov wins face-off versus Zack Hamill in Gangsters zone.
3:06 of 2nd period - Niklas Hjalmarsson is hit by Brock Bradford and loses puck.
5:03 of 2nd period - Snap shot by Danny Irmen.
5:03 of 2nd period - Stopped by Dustin Tokarski with a rebound.
5:21 of 2nd period - Bryan Young is hit by Eric Fehr and loses puck.
5:42 of 2nd period - Artem Anisimov is hit by Tomas Kundratek and loses puck.
5:49 of 2nd period - Tomas Kundratek is hit by Ville Koistinen and loses puck.
6:09 of 2nd period - Icing by Chris Bourque.
6:10 of 2nd period - Maxime Sauvé wins face-off versus Mikael Backlund in Gangsters zone.
6:44 of 2nd period - Wrist shot by Gustav Nyquist.
6:44 of 2nd period - Goal by Gustav Nyquist - Knights : 2 - Gangsters : 0.
6:45 of 2nd period - Alexandre Bolduc wins face-off versus Zack Hamill in neutral zone.
7:02 of 2nd period - Chris Bourque is hit by Mats Zuccarello and loses puck.
8:27 of 2nd period - Snap shot by Mikael Backlund.
8:27 of 2nd period - Shot Misses the Net.
8:29 of 2nd period - Wrist shot by Eric Fehr.
8:29 of 2nd period - Shot Misses the Net.
8:31 of 2nd period - Snap shot by Niklas Hjalmarsson.
8:31 of 2nd period - Shot Misses the Net.
8:33 of 2nd period - Wrist shot by Eric Fehr.
8:33 of 2nd period - Stopped by Dustin Tokarski with a rebound.
9:03 of 2nd period - Wrist shot by Ryan Keller.
9:03 of 2nd period - Deflect By Dave Dziurzynski.
9:03 of 2nd period - Shot Blocked by Nick Palmieri.
9:03 of 2nd period - Puck is out of play.
9:04 of 2nd period - Ryan Jones wins face-off versus Mats Zuccarello in Knights zone.
9:05 of 2nd period - Snap shot by Nick Foligno.
9:05 of 2nd period - Stopped by Dany Sabourin without a rebound.
9:06 of 2nd period - Artem Anisimov wins face-off versus Mats Zuccarello in Knights zone.
9:17 of 2nd period - Tomas Kundratek is hit by Shaun Heska and loses puck.
9:22 of 2nd period - Snap shot by Nick Foligno.
9:22 of 2nd period - Shot Blocked by Zack Hamill.
9:32 of 2nd period - Maxime Sauvé is hit by Eric Fehr and loses puck.
10:56 of 2nd period - Artem Anisimov is hit by Nick Palmieri and loses puck.
11:07 of 2nd period - Marco Scandella is hit by Bryan Young and loses puck.
11:20 of 2nd period - Danny Irmen is hit by Dave Dziurzynski and loses puck.
12:03 of 2nd period - Wrist shot by Chris Thorburn.
12:03 of 2nd period - Stopped by Dustin Tokarski with a rebound.
12:05 of 2nd period - Slapshot by Mikael Backlund.
12:05 of 2nd period - Shot Misses the Net.
12:37 of 2nd period - Icing by Colten Teubert.
12:38 of 2nd period - Zack Hamill wins face-off versus Artem Anisimov in Gangsters zone.
12:48 of 2nd period - Icing by Ryan Jones.
12:49 of 2nd period - Artem Anisimov wins face-off versus Zack Hamill in Gangsters zone.
12:58 of 2nd period - Snap shot by Nick Foligno.
12:58 of 2nd period - Shot Misses the Net.
13:00 of 2nd period - Wrist shot by Ryan Jones.
13:00 of 2nd period - Shot Misses the Net.
13:02 of 2nd period - Snap shot by Nick Foligno.
13:02 of 2nd period - Shot Blocked by Niklas Hjalmarsson.
13:10 of 2nd period - Wrist shot by Artem Anisimov.
13:10 of 2nd period - Stopped by Dany Sabourin without a rebound.
13:11 of 2nd period - Alexandre Bolduc wins face-off versus Mikael Backlund in Knights zone.
13:14 of 2nd period - Slapshot by Ryan Keller.
13:14 of 2nd period - Stopped by Dany Sabourin without a rebound.
13:15 of 2nd period - Mikael Backlund wins face-off versus Alexandre Bolduc in Knights zone.
13:43 of 2nd period - Off-side.
13:44 of 2nd period - Artem Anisimov wins face-off versus Danny Irmen in neutral zone.
13:46 of 2nd period - Off-side.
13:47 of 2nd period - Artem Anisimov wins face-off versus Danny Irmen in neutral zone.
13:52 of 2nd period - Snap shot by Nick Foligno.
13:52 of 2nd period - Stopped by Dany Sabourin with a rebound.
13:54 of 2nd period - Slapshot by Cory Murphy.
13:54 of 2nd period - Stopped by Dany Sabourin without a rebound.
13:55 of 2nd period - Alexandre Bolduc wins face-off versus Zack Hamill in Knights zone.
13:56 of 2nd period - Snap shot by Chris Bourque.
13:56 of 2nd period - Deflect By Alexandre Bolduc.
13:56 of 2nd period - Goal by Alexandre Bolduc - Knights : 2 - Gangsters : 1.
13:57 of 2nd period - Alexandre Bolduc wins face-off versus Mats Zuccarello in neutral zone.
14:19 of 2nd period - Icing by Chris Bourque.
14:20 of 2nd period - Alexandre Bolduc wins face-off versus Mikael Backlund in Gangsters zone.
14:47 of 2nd period - Snap shot by Alexandre Bolduc.
14:47 of 2nd period - Stopped by Dany Sabourin with a rebound.
14:49 of 2nd period - Snap shot by Alexandre Bolduc.
14:49 of 2nd period - Shot Misses the Net.
14:51 of 2nd period - Snap shot by Chris Bourque.
14:51 of 2nd period - Deflect By Mikael Backlund.
14:51 of 2nd period - Shot Blocked by Sheldon Brookbank.
14:51 of 2nd period - Puck is out of play.
14:52 of 2nd period - Alexandre Bolduc wins face-off versus Zack Hamill in Knights zone.
14:53 of 2nd period - Snap shot by Chris Bourque.
14:53 of 2nd period - Stopped by Dany Sabourin without a rebound.
14:54 of 2nd period - Alexandre Bolduc wins face-off versus Zack Hamill in Knights zone.
15:26 of 2nd period - Slapshot by Ryan Jones.
15:26 of 2nd period - Stopped by Dany Sabourin with a rebound.
15:28 of 2nd period - Slapshot by Shaun Heska.
15:28 of 2nd period - Shot Blocked by Mikael Backlund.
15:30 of 2nd period - Snap shot by Ryan Jones.
15:30 of 2nd period - Stopped by Dany Sabourin without a rebound.
15:31 of 2nd period - Zack Hamill wins face-off versus Alexandre Bolduc in Knights zone.
15:36 of 2nd period - Wrist shot by Ryan Keller.
15:36 of 2nd period - Stopped by Dany Sabourin without a rebound.
15:37 of 2nd period - Alexandre Bolduc wins face-off versus Zack Hamill in Knights zone.
15:38 of 2nd period - Snap shot by Ryan Keller.
15:38 of 2nd period - Stopped by Dany Sabourin with a rebound.
15:40 of 2nd period - Slapshot by Alexandre Bolduc.
15:40 of 2nd period - Deflect By Sheldon Brookbank.
15:40 of 2nd period - Shot Blocked by Zbynek Michalek.
15:40 of 2nd period - Puck is out of play.
15:41 of 2nd period - Alexandre Bolduc wins face-off versus Zack Hamill in Knights zone.
15:42 of 2nd period - Snap shot by Chris Bourque.
15:42 of 2nd period - Shot Blocked by Zbynek Michalek.
15:44 of 2nd period - Slapshot by Ville Koistinen.
15:44 of 2nd period - Stopped by Dany Sabourin without a rebound.
15:45 of 2nd period - Alexandre Bolduc wins face-off versus Zack Hamill in Knights zone.
15:46 of 2nd period - Wrist shot by Chris Bourque.
15:46 of 2nd period - Shot Misses the Net.
16:10 of 2nd period - Nick Foligno is hit by A.J. Jenks and loses puck.
17:50 of 2nd period - Minor Penalty to Eric Fehr for Hooking.
17:51 of 2nd period - Artem Anisimov wins face-off versus Mats Zuccarello in Knights zone.
17:54 of 2nd period - Slapshot by Cory Murphy.
17:54 of 2nd period - Stopped by Dany Sabourin without a rebound.
17:55 of 2nd period - Mats Zuccarello wins face-off versus Artem Anisimov in Knights zone.
18:06 of 2nd period - Slapshot by Artem Anisimov.
18:06 of 2nd period - Stopped by Dany Sabourin without a rebound.
18:07 of 2nd period - Mats Zuccarello wins face-off versus Alexandre Bolduc in Knights zone.
18:38 of 2nd period - Wrist shot by Ryan Jones.
18:38 of 2nd period - Deflect By Nick Foligno.
18:38 of 2nd period - Stopped by Dany Sabourin with a rebound.
18:40 of 2nd period - Slapshot by Ville Koistinen.
18:40 of 2nd period - Shot Blocked by Sheldon Brookbank.
19:50 of 2nd period - Penalty to Eric Fehr is over, Eric Fehr is back on ice.
Goals for this period are 2 for Knights vs 1 for Gangsters.
Shots for this period are 11 for Knights vs 16 for Gangsters.
3rd period
0:01 of 3rd period - Zack Hamill wins face-off versus Alexandre Bolduc in neutral zone.
0:12 of 3rd period - Wrist shot by Mats Zuccarello.
0:12 of 3rd period - Shot Misses the Net.
0:53 of 3rd period - Brock Bradford is hit by Danny Irmen and loses puck.
0:59 of 3rd period - Icing by Cory Murphy.
1:00 of 3rd period - Zack Hamill wins face-off versus Brock Bradford in Gangsters zone.
1:03 of 3rd period - Slapshot by Mats Zuccarello.
1:03 of 3rd period - Stopped by Dustin Tokarski without a rebound.
1:04 of 3rd period - Zack Hamill wins face-off versus Alexandre Bolduc in Gangsters zone.
1:30 of 3rd period - Garnet Exelby is hit by Artem Anisimov and loses puck.
1:37 of 3rd period - Snap shot by Ryan Jones.
1:37 of 3rd period - Shot Hit the Post.
2:10 of 3rd period - Snap shot by Chris Bourque.
2:10 of 3rd period - Deflect By Maxime Sauvé.
2:10 of 3rd period - Shot Blocked by Garnet Exelby.
2:10 of 3rd period - Puck is out of play.
2:11 of 3rd period - Artem Anisimov wins face-off versus Joe Colborne in Knights zone.
2:14 of 3rd period - Slapshot by Nick Foligno.
2:14 of 3rd period - Shot Misses the Net.
2:26 of 3rd period - Slapshot by Nick Palmieri.
2:26 of 3rd period - Shot Blocked by Shaun Heska.
2:28 of 3rd period - Snap shot by Colton Gillies.
2:28 of 3rd period - Shot Misses the Net.
2:30 of 3rd period - Snap shot by Colton Gillies.
2:30 of 3rd period - Shot Misses the Net.
2:41 of 3rd period - Minor Penalty to Artem Anisimov for Roughing.
2:42 of 3rd period - Zack Hamill wins face-off versus Ryan Keller in Gangsters zone.
2:46 of 3rd period - Slapshot by Sheldon Brookbank.
2:46 of 3rd period - Stopped by Dustin Tokarski with a rebound.
2:48 of 3rd period - Slapshot by Sheldon Brookbank.
2:48 of 3rd period - Deflect By Mats Zuccarello.
2:48 of 3rd period - Stopped by Dustin Tokarski with a rebound.
2:50 of 3rd period - Wrist shot by Mats Zuccarello.
2:50 of 3rd period - Stopped by Dustin Tokarski without a rebound.
2:51 of 3rd period - Zack Hamill wins face-off versus Ryan Keller in Gangsters zone.
2:52 of 3rd period - Snap shot by Mats Zuccarello.
2:52 of 3rd period - Stopped by Dustin Tokarski without a rebound.
2:53 of 3rd period - Ryan Keller wins face-off versus Chris Thorburn in Gangsters zone.
3:06 of 3rd period - Snap shot by Chris Bourque.
3:06 of 3rd period - Shot Blocked by Sheldon Brookbank.
3:09 of 3rd period - Icing by Niklas Hjalmarsson.
3:10 of 3rd period - Ryan Keller wins face-off versus Zack Hamill in Knights zone.
3:11 of 3rd period - Snap shot by Chris Bourque.
3:11 of 3rd period - Stopped by Dany Sabourin with a rebound.
3:27 of 3rd period - Wrist shot by Mats Zuccarello.
3:27 of 3rd period - Goal by Mats Zuccarello - Knights : 3 - Gangsters : 1.
3:28 of 3rd period - Zack Hamill wins face-off versus Alexandre Bolduc in neutral zone.
4:16 of 3rd period - Wrist shot by Mikael Backlund.
4:16 of 3rd period - Stopped by Dustin Tokarski with a rebound.
4:44 of 3rd period - Snap shot by Niklas Hjalmarsson.
4:44 of 3rd period - Stopped by Dustin Tokarski with a rebound.
4:58 of 3rd period - Chris Bourque is hit by Marco Scandella and loses puck.
5:26 of 3rd period - Bryan Young is hit by Mikael Backlund and loses puck.
6:23 of 3rd period - Snap shot by Nick Palmieri.
6:23 of 3rd period - Stopped by Dustin Tokarski with a rebound.
6:25 of 3rd period - Snap shot by Colton Gillies.
6:25 of 3rd period - Stopped by Dustin Tokarski with a rebound.
7:09 of 3rd period - Slapshot by Mats Zuccarello.
7:09 of 3rd period - Stopped by Dustin Tokarski without a rebound.
7:10 of 3rd period - Zack Hamill wins face-off versus Artem Anisimov in Gangsters zone.
7:17 of 3rd period - Sheldon Brookbank is hit by Artem Anisimov and loses puck.
8:21 of 3rd period - Cory Murphy is hit by Garnet Exelby and loses puck.
8:50 of 3rd period - Minor Penalty to Marco Scandella for Hooking.
8:51 of 3rd period - Mats Zuccarello wins face-off versus Artem Anisimov in Knights zone.
9:50 of 3rd period - Ville Koistinen is hit by Kyle Greentree and loses puck.
10:11 of 3rd period - Off-side.
10:12 of 3rd period - Danny Irmen wins face-off versus Artem Anisimov in neutral zone.
10:50 of 3rd period - Penalty to Marco Scandella is over, Marco Scandella is back on ice.
11:09 of 3rd period - Snap shot by Gustav Nyquist.
11:09 of 3rd period - Stopped by Dustin Tokarski with a rebound.
11:31 of 3rd period - Zbynek Michalek is hit by Ville Koistinen and loses puck.
11:44 of 3rd period - Wrist shot by Mats Zuccarello.
11:44 of 3rd period - Stopped by Dustin Tokarski without a rebound.
11:45 of 3rd period - Artem Anisimov wins face-off versus Zack Hamill in Gangsters zone.
11:47 of 3rd period - Minor Penalty to Nick Foligno for Tripping.
11:48 of 3rd period - Zack Hamill wins face-off versus Ryan Keller in Gangsters zone.
11:54 of 3rd period - Wrist shot by Mats Zuccarello.
11:54 of 3rd period - Shot Blocked by Bryan Young.
11:56 of 3rd period - Snap shot by Mats Zuccarello.
11:56 of 3rd period - Shot Misses the Net.
11:58 of 3rd period - Wrist shot by Chris Thorburn.
11:58 of 3rd period - Stopped by Dustin Tokarski without a rebound.
11:59 of 3rd period - Ryan Keller wins face-off versus Zack Hamill in Gangsters zone.
12:05 of 3rd period - Icing by Sheldon Brookbank.
12:06 of 3rd period - Zack Hamill wins face-off versus Ryan Keller in Knights zone.
12:59 of 3rd period - Snap shot by Ryan Jones.
12:59 of 3rd period - Shot Blocked by Garnet Exelby.
13:18 of 3rd period - Minor Penalty to Marco Scandella for Holding.
13:19 of 3rd period - Gustav Nyquist wins face-off versus Ryan Keller in Knights zone.
13:47 of 3rd period - Penalty to Nick Foligno is over, Nick Foligno is back on ice.
14:52 of 3rd period - Alexandre Bolduc is hit by Niklas Hjalmarsson and loses puck.
15:18 of 3rd period - Penalty to Marco Scandella is over, Marco Scandella is back on ice.
15:44 of 3rd period - Minor Penalty to Dave Dziurzynski for Hooking.
15:45 of 3rd period - Ryan Keller wins face-off versus Zack Hamill in Gangsters zone.
17:44 of 3rd period - Penalty to Dave Dziurzynski is over, Dave Dziurzynski is back on ice.
17:44 of 3rd period - Marco Scandella is hit by Luke Gazdic and loses puck.
18:03 of 3rd period - Gustav Nyquist is hit by Artem Anisimov and loses puck.
18:14 of 3rd period - Slapshot by Zbynek Michalek.
18:14 of 3rd period - Deflect By Shaun Heska.
18:14 of 3rd period - Stopped by Dustin Tokarski with a rebound.
19:54 of 3rd period - Shaun Heska is hit by Colton Gillies and loses puck.
Goals for this period are 1 for Knights vs 0 for Gangsters.
Shots for this period are 15 for Knights vs 1 for Gangsters.
Output by the SimonT Hockey Simulator (STHS) for François Prévost -- Original Page W3C XHTML 1.0 Valid